 Dungeon Crawl Stone Soup version 0.31-a0-1-g4198be8af4 (webtiles) character file.

Game seed: 9062521287405974659

6673 cheesebisquit the Earth Mage (level 11, -1/64 HPs)
             Began as a Gargoyle Earth Elementalist on Apr 30, 2023.
             Was a Priest of Vehumet.
             Constricted to death by a tentacled monstrosity (6 damage)
             ... on level 1 of the Abyss.
             The game lasted 00:25:44 (9466 turns).

cheesebisquit the Earth Mage (GrEE)                 Turns: 9466, Time: 00:25:45

Health: -1/64      AC: 13    Str: 13    XL:     11   Next: 3%
Magic:  19/19      EV: 10    Int: 19    God:    Vehumet [***...]
Gold:   554        SH:  0    Dex: 10    Spells: 11/21 levels left

rFire   + . .        g - +3 arbalest (elec)
rCold   . . .        (shield currently unavailable)
rNeg    + . .        C - +2 robe {rF+}
rPois   ∞            (no helmet)
rElec   +            x - +0 cloak
rCorr   .            (no gloves)
SInv    .            (no boots)
Will    .....        p - amulet of reflection
Stlth   +            (no ring)
HPRegen 0.30/turn    (no ring)
MPRegen 0.16/turn

%: reflection
@: confused, ambrosia-drunk, constricted
A: sickness immunity, AC +8, negative energy resistance 1, electricity
resistance, torment resistance 1, petrification resistance
a: Renounce Religion


You were on level 1 of the Abyss.
You worshipped Vehumet.
Vehumet was most pleased with you.
You visited 2 branches of the dungeon, and saw 10 of its levels.
You visited the Abyss 1 time.
You also visited: Sewer.

You collected 554 gold pieces.

Inventory:

Hand Weapons
 g - a +3 arbalest of electrocution (weapon)
 i - a +0 dagger
Missiles
 e - 15 poisoned darts
 q - 3 curare-tipped darts
Armour
 x - a +0 cloak (worn)
 C - a +2 robe of fire resistance (worn)
Jewellery
 m - an amulet of faith
 p - an amulet of reflection (around neck)
 y - an amulet of guardian spirit
Wands
 r - a wand of acid (15)
 u - a wand of iceblast (20)
 D - a wand of polymorph (12)
 E - a wand of digging (3)
 H - a wand of flame (11)
 J - a wand of paralysis (4)
Scrolls
 d - a scroll of fog
 f - 2 scrolls of magic mapping
 h - a scroll of amnesia
 l - a scroll of enchant weapon {unknown}
 n - a scroll of vulnerability
 t - a scroll of teleportation {unknown}
 v - a scroll of blinking {unknown}
 z - a scroll of immolation {unknown}
 F - a scroll of noise {unknown}
 G - a scroll of poison {unknown}
 I - a scroll of silence {unknown}
Potions
 b - a potion of magic
 c - 2 potions of cancellation
 j - a potion of flight
 o - 2 potions of lignification
 s - 2 potions of mutation
 w - a potion of resistance
 A - a potion of curing


   Skills:
 + Level 6.3 Fighting
 + Level 5.1 Dodging
 - Level 2.1 Stealth
 + Level 5.6 Spellcasting
 - Level 0.7 Transmutations
 + Level 15.5 Earth Magic


You had 11 spell levels left.
You knew the following spells:

 Your Spells              Type           Power      Damage    Failure   Level
a - Sandblast             Erth           100%       2d20      0%          1
b - Stone Arrow           Conj/Erth      68%        3d11      1%          3
c - Passwall              Tmut/Erth      30%        N/A       1%          2
d - Petrify               Tmut/Erth      36%        N/A       4%          4

Your spell library contained the following spells:

 Spells                   Type           Power      Damage    Failure   Level
 Volatile Blastmotes      Fire/Tloc      10%        2d10      10%         3
 Poisonous Vapours        Pois/Air       10%        N/A       5%          2
 Ignite Poison            Fire/Tmut/Pois 6%         N/A       9%          3
 Sting                    Tmut/Pois      24%        1d4       10%         1
 Lesser Beckoning         Tloc           10%        N/A       19%         2
 Olgreb's Toxic Radiance  Pois           5%         N/A       28%         4
 Gell's Gravitas          Tloc           5%         N/A       34%         3
 Teleport Other           Tloc           5%         N/A       34%         3
 Freezing Cloud           Conj/Ice/Air   2%         6-21      58%         5
 Cigotuvi's Dreadful Rot  Necr/Pois/Air  Unusable   N/A       N/A         2

Dungeon Overview and Level Annotations

Branches:
Dungeon (9/15)             Temple (1/1) D:4           Sewer (visited)
   Lair: D:8-11         Orc: D:9-12

Altars:
Ashenzari
Cheibriados
Dithmenos
Elyvilon
Fedhas
Gozag
Hepliaklqana
Kikubaaqudgha
Nemelex Xobeh
Okawaru
Qazlal
Sif Muna
Trog
Uskayaw
Vehumet
Wu Jian
Xom
Yredelemnul
Zin
The Shining One

Annotations:
D:2 1 runed translucent door, Crazy Yiuf


Innate Abilities, Weirdness & Mutations

You are immune to sickness and miasma.
Your stone body is resilient. (AC +8)
You are immune to poison.
You resist negative energy. (rN+)
You are resistant to electric shocks. (rElec)
You are resistant to unholy torment.
You are immune to petrification.


Message History

The tentacled monstrosity tentacle-slaps you!
The tentacled monstrosity tentacle-slaps you.
The tentacled monstrosity constricts you!
You block the tentacled monstrosity's attack.
The tentacled monstrosity tentacle-slaps you. x2
The tentacled monstrosity constricts you.
Aiming: Sandblast (safe; 0% risk of failure)
Press: ? - help, Q - select action, (/) - cycle Shift-Dir - straight line, f/p - tentacled monstrosity
Aim: a tentacled monstrosity (moderately wounded, constricting you, 95% to hit)
The blast of sand hits the tentacled monstrosity!!
The tentacled monstrosity is moderately wounded.
The tentacled monstrosity tentacle-slaps you!
* * * LOW HITPOINT WARNING * * *
The tentacled monstrosity tentacle-slaps you.
* * * LOW HITPOINT WARNING * * *
The tentacled monstrosity tentacle-slaps you but does no damage.
The tentacled monstrosity constricts you.
* * * LOW HITPOINT WARNING * * *
You feel much better.
The tentacled monstrosity completely misses you.
You block the tentacled monstrosity's attack.
The tentacled monstrosity tentacle-slaps you but does no damage.
The tentacled monstrosity constricts you!
As you read the scroll of fear, it crumbles to dust.
You assume a fearsome visage.
The tentacled monstrosity resists with almost no effort.
You block the tentacled monstrosity's attack.
The tentacled monstrosity tentacle-slaps you but does no damage. x2
The tentacled monstrosity constricts you!
* * * LOW HITPOINT WARNING * * *
Okay, then.
You are confused.
You feel invigorated.
The tentacled monstrosity tentacle-slaps you!
* * * LOW HITPOINT WARNING * * *
The tentacled monstrosity tentacle-slaps you.
* * * LOW HITPOINT WARNING * * *
The tentacled monstrosity tentacle-slaps you but does no damage.
The tentacled monstrosity constricts you.
You die...

## .# # .
.# #. .#
#.#.#
##..#
#...X#..#
#@#
#.#..#
#.# ....#
#.#
..##...
#.# ###
.. ...
##. .


You could see a tentacled monstrosity.

Vanquished Creatures
  Psyche (D:8)
  A hornet (D:8)
  Grinder (D:4)
  Sigmund (D:5)
  2 raiju (Abyss:1)
  A shadow (D:6)
  4 slime creatures (D:8)
  The ghost of oldplebian the Firebug, an amateur DsFE (D:4)
  An acid dragon (D:9)
  2 water moccasins
  5 orc warriors
  Pargi (D:4)
  A black bear (D:5)
  2 sky beasts
  A centaur (D:9)
  2 ogres (D:5)
  4 phantoms
  A kobold brigand (D:9)
  5 bullfrogs
  3 scorpions
  5 wights (D:7)
  3 killer bees (D:8)
  A howler monkey (D:8)
  A jelly (D:6)
  5 hounds
  4 orc priests
  3 gnoll boudas
  An iron imp (Abyss:1)
  Natasha (thrice) (D:4)
  5 iguanas
  2 sleepcaps
  6 orc wizards
  11 adders
  17 gnolls
  2 shadow imps
  4 white imps
  6 ufetubi
  2 worms (D:3)
  2 dart slugs (D:3)
  40 orcs
  3 bats
  24 endoplasms
  6 giant cockroaches
  5 goblins
  6 hobgoblins
  9 jackals
  3 kobolds
  12 quokkas
  9 ball pythons
  6 frilled lizards
  4 rats
  A spectral orc (D:6)
251 creatures vanquished.

Vanquished Creatures (others)
  Erica (D:8)
  A demonic plant (D:5)
  5 toadstools (D:9)
7 creatures vanquished.

Grand Total: 258 creatures vanquished

Notes
Turn   | Place    | Note
-------+----------+-------------------------------------------
     0 | D:1      | cheesebisquit the Gargoyle Earth Elementalist began the
                  | quest for the Orb.
     0 | D:1      | Reached XP level 1. HP: 10/10 MP: 3/3
   185 | D:1      | Reached skill level 4 in Earth Magic
   207 | D:1      | Reached XP level 2. HP: 15/15 MP: 0/5
   557 | D:1      | Reached XP level 3. HP: 19/19 MP: 3/6
   589 | D:1      | Reached skill level 5 in Earth Magic
  1237 | D:2      | Found a runed translucent door.
  1238 | D:2      | Noticed Crazy Yiuf
  1558 | D:2      | Reached XP level 4. HP: 24/24 MP: 3/7
  1636 | D:2      | Reached skill level 6 in Earth Magic
  2146 | D:3      | Found an opulent altar of Gozag.
  2174 | D:3      | Found a glowing drain.
  2305 | Sewer    | Entered a sewer
  2469 | Sewer    | Reached XP level 5. HP: 28/28 MP: 3/8
  2634 | Sewer    | Reached skill level 7 in Earth Magic
  2804 | Sewer    | Reached XP level 6. HP: 17/32 MP: 9/9
  2808 | Sewer    | Reached skill level 8 in Earth Magic
  3078 | D:3      | Found an iron altar of Okawaru.
  3330 | D:3      | Found a snail-covered altar of Cheibriados.
  3762 | D:4      | Reached skill level 9 in Earth Magic
  3770 | D:4      | Learned a level 3 spell: Stone Arrow
  3773 | D:4      | Learned a level 2 spell: Passwall
  3830 | D:4      | Found a staircase to the Ecumenical Temple.
  3839 | Temple   | Entered the Ecumenical Temple
  3997 | Temple   | Became a worshipper of Vehumet
  4028 | D:4      | Noticed oldplebian's ghost (amateur DsFE)
  4030 | D:4      | Found a runed translucent gate.
  4030 | D:4      | Found a runed translucent gate.
  4030 | D:4      | Found a runed translucent gate.
  4054 | D:4      | Noticed Pargi
  4057 | D:4      | Killed Pargi
  4058 | D:4      | Reached XP level 7. HP: 36/36 MP: 6/10
  4112 | D:4      | Found a stormy altar of Qazlal.
  4277 | D:4      | Noticed Natasha
  4279 | D:4      | Killed Natasha
  4467 | D:4      | Noticed Grinder
  4467 | D:4      | Paralysed by Grinder for 5 turns
  4475 | D:4      | Killed Grinder
  4476 | D:4      | Reached skill level 10 in Earth Magic
  4596 | D:4      | Killed oldplebian's ghost
  4597 | D:4      | Reached skill level 11 in Earth Magic
  4597 | D:4      | Reached XP level 8. HP: 38/41 MP: 3/11
  4723 | D:5      | Entered Level 5 of the Dungeon
  4892 | D:4      | Noticed Natasha
  4895 | D:4      | Killed Natasha
  4921 | D:4      | Found a stormy altar of Qazlal.
  4952 | D:4      | Found a staircase to the Ecumenical Temple.
  5375 | D:4      | Noticed Natasha
  5378 | D:4      | Killed Natasha
  5665 | D:5      | Reached skill level 12 in Earth Magic
  5748 | D:5      | Learned a level 4 spell: Petrify
  5776 | D:5      | Found a broken altar of Ashenzari.
  5981 | D:5      | Found a white marble altar of Elyvilon.
  6006 | D:5      | Reached skill level 13 in Earth Magic
  6088 | D:5      | Reached * piety under Vehumet
  6088 | D:5      | Offered knowledge of Freeze by Vehumet.
  6271 | D:5      | Noticed Sigmund
  6276 | D:5      | Killed Sigmund
  6277 | D:5      | Reached XP level 9. HP: 45/45 MP: 8/12
  6450 | D:6      | Reached skill level 14 in Earth Magic
  6533 | D:6      | Reached skill level 1 in Fighting
  6588 | D:6      | Found a glowing silver altar of Zin.
  6743 | D:6      | Found a hazy altar of Hepliaklqana.
  6812 | D:6      | Reached ** piety under Vehumet
  6931 | D:6      | Offered knowledge of Searing Ray by Vehumet.
  7299 | D:7      | Found a shadowy altar of Dithmenos.
  7510 | D:7      | Offered knowledge of Frozen Ramparts by Vehumet.
  7653 | D:7      | Reached XP level 10. HP: 53/56 MP: 12/15
  7991 | D:8      | Reached *** piety under Vehumet
  8319 | D:8      | Noticed Psyche
  8324 | D:8      | Killed Psyche
  8421 | D:8      | Noticed Erica
  8426 | D:8      | Killed Erica
  8427 | D:8      | Reached skill level 5 in Fighting
  8427 | D:8      | Reached skill level 15 in Earth Magic
  8436 | D:8      | Reached skill level 5 in Spellcasting
  8565 | D:8      | Offered knowledge of Volatile Blastmotes by Vehumet.
  9198 | D:9      | Reached skill level 5 in Dodging
  9343 | Abyss:1  | Cast into level 1 of the Abyss (gnoll sergeant)
  9405 | Abyss:1  | Reached XP level 11. HP: 54/64 MP: 16/19
  9459 | Abyss:1  | Noticed a tentacled monstrosity
  9466 | Abyss:1  | Constricted to death by a tentacled monstrosity

Illustrated notes

Levels and vault maps discovered:
D:1:      dpeg_arrival_signposts, layout_loops_ring
D:2:      layout_rooms, uniq_crazy_yiuf_cottage
D:3:      layout_basic, lemuel_crystal_altar, mainiacjoe_overflow_catwalk,
          mainiacjoe_overflow_cross_hatched, cheibrodos_sewer_entry_bend
D:4:      layout_basic, grunt_qazlal_sundering,
          minmay_temple_entry_proselytizer, gammafunk_ghost_split, uniq_grinder,
          uniq_natasha, uniq_pargi
D:5:      layout_loops_ring, evilmike_ruin_ashenzari, kennysheep_mini,
          serial_demonic, serial_demonic_g, serial_demonic_c, serial_demonic_c,
          serial_demonic_d, uniq_sigmund
D:6:      minmay_recursive_quarters, layout_gridville, lemuel_tele_altar,
          nicolae_hepliaklqana_monster_ancestors, skrybe_limestone_x,
          kennysheep_generic_room_3
D:7:      cheibrodos_quashed, layout_basic, grunt_dithmenos_shadows,
          nicolae_nh_ransacked_shop
D:8:      layout_basic, uniq_erica, uniq_psyche
D:9:      layout_long_grid, lightli_temple_of_fire, grunt_ministairs_1,
          minmay_gold_behind_fungi, corexii_leaking_fountain,
          minmay_chambers_of_fives
Temple:   chequers_temple_sunken
Abyss:1:  base: D:1, base: D:9, minivault_11

Skill      XL: |  1  2  3  4  5  6  7  8  9 10 |
---------------+-------------------------------+-----
Earth Magic    | 4 5 6 7 9 11 13 14 15 | 15.5
Fighting       | 3 6 |  6.3
Dodging        | 3 5 |  5.1
Spellcasting   | 3 5 |  5.6
Stealth        | |  2.1
Transmutations | |  0.7

Action                     |  1- 3 |  4- 6 |  7- 9 | 10-12 || total
---------------------------+-------+-------+-------+-------++-------
  Melee: Unarmed           |     9 |       |       |       ||     9
         Arbalest          |       |     1 |       |       ||     1
   Fire: Arbalest          |       |    17 |    35 |    17 ||    69
   Cast: Sandblast         |    48 |    88 |   145 |   114 ||   395
    Use: Scroll            |       |     8 |     1 |     5 ||    14
         Potion            |       |     1 |       |     2 ||     3
 Armour: Robe              |    16 |    27 |    16 |    26 ||    85
  Dodge: Dodged            |    22 |    49 |    24 |    56 ||   151
  Block: Other             |       |       |     9 |    25 ||    34
         Reflection        |       |       |       |     3 ||     3

Table legend: (Time is in decaauts)
 A = Elapsed time spent in this place.
 B = Non-inter-level travel time spent in this place.
 C = Inter-level travel time spent in this place.
 D = Time resting spent in this place.
 E = Time spent auto-exploring this place.
 F = Levels seen in this place.
 G = Mean time per level.
                   A        B        C        D        E       F      G
               +--------+--------+--------+--------+--------+-----+--------+
         Total |   9830 |   9341 |    489 |    108 |   7859 |  12 |  819.2 |
       Dungeon |   8789 |   8336 |    453 |    108 |   7086 |   9 |  976.6 |
        Temple |    223 |    187 |     36 |      0 |    179 |   1 |  223.0 |
         Abyss |    129 |    129 |      0 |      0 |     94 |   1 |  129.0 |
         Sewer |    687 |    687 |      0 |      0 |    500 |   1 |  687.0 |
               +--------+--------+--------+--------+--------+-----+--------+

Top non-repeatable levels by time:
     D:4: 1598 daAuts
     D:1: 1209 daAuts
     D:8: 1164 daAuts
     D:5: 1084 daAuts
     D:3: 1048 daAuts
     D:2: 871 daAuts
     D:7: 836 daAuts
     D:6: 743 daAuts
   Sewer: 687 daAuts
     D:9: 234 daAuts
  Temple: 223 daAuts
 Abyss:1: 129 daAuts
